 Dungeon Crawl Stone Soup version 0.29.1-12-g30fa7ad0bf (webtiles) character file.

Game seed: 9419747289003202951

232 DildoBatman the Conjurer (level 6, -1/46 HPs)
             Began as a Formicid Conjurer on Dec 14, 2022.
             Succumbed to a water moccasin's poison
             ... on level 4 of the Dungeon.
             The game lasted 00:08:58 (2464 turns).

DildoBatman the Conjurer (Formicid Conjurer)        Turns: 2464, Time: 00:08:59

Health: -1/46      AC:  2    Str: 11    XL:     6   Next: 25%
Magic:  0/10       EV: 12    Int: 20    God:
Gold:   134        SH:  6    Dex: 12    Spells: 8/11 levels left

rFire   . . .      SeeInvis +   v - +0 sling
rCold   . . .      Faith    .   h - +2 buckler
rNeg    . . .      Spirit   .   a - +0 robe
rPois   .          Reflect  .   (helmet unavailable)
rElec   .          Harm     .   (no cloak)
rCorr   .          Rampage  .   (no gloves)
Will    .....                   (no boots)
Stlth   ++........              (no amulet)
HPRegen 0.15/turn               (no ring)
MPRegen 0.12/turn               (no ring)

@: lethally poisoned (-1 -> -16)
A: permanent stasis, dig shafts and tunnels, antennae 3, four strong arms
a: Dig, Shaft Self


You were on level 4 of the Dungeon.
You visited 1 branch of the dungeon, and saw 4 of its levels.

You collected 134 gold pieces.

Inventory:

Hand Weapons
 e - a +0 short sword
 v - a +0 sling (weapon)
Missiles
 f - 33 stones
 u - 3 boomerangs
Armour
 a - a +0 robe (worn)
 h - a +2 buckler (worn)
Wands
 i - a wand of roots (1)
 x - a wand of charming (1)
Scrolls
 c - 2 scrolls of summoning {unknown}
 d - a scroll of fog {unknown}
 g - 4 scrolls of enchant armour {unknown}
 j - a scroll of teleportation {unknown}
 l - 3 scrolls of torment {unknown}
 m - 4 scrolls of identify {unknown}
 n - a scroll of blinking {unknown}
 o - 3 scrolls of noise {unknown}
 p - a scroll of vulnerability {unknown}
 q - a scroll of enchant weapon {unknown}
 w - a scroll of immolation {unknown}
Potions
 b - a potion of magic
 s - a potion of might {unknown}
 t - a potion of degeneration {unknown}


   Skills:
 * Level 2.4 Fighting
 * Level 2.4 Armour
 - Level 2.0 Dodging
 - Level 2.4 Stealth
 - Level 3.0 Shields
 * Level 3.3 Spellcasting
 * Level 4.3 Conjurations


You had 8 spell levels left.
You knew the following spells:

 Your Spells              Type           Power      Damage    Failure   Level
a - Searing Ray           Conj           40%        2d5       4%          2
c - Magic Dart            Conj           80%        1d7       3%          1

Your spell library contained the following spells:

 Spells                   Type           Power      Damage    Failure   Level
 Dazzling Flash           Conj/Hex       22%        N/A       22%         3
 Fulminant Prism          Conj/Hex       5%         3d7       56%         4
 Iskenderun's Mystic Bla  Conj/Tloc      11%        2d4       56%         4


Dungeon Overview and Level Annotations

Branches:
Dungeon (4/15)
 Temple: D:4-7

Altars:
Dithmenos

Annotations:
D:1 exclusion: sensed monster (detected)
D:3 exclusion: 5 sensed monsters (detected), Natasha


Innate Abilities, Weirdness & Mutations

You cannot be hasted, slowed, berserked, paralysed or teleported.
You can dig through walls and to a lower floor.
You have a pair of large antennae on your head. (SInv)
Your four strong arms can wield two-handed weapons with a shield.


Message History

You feel much better.
You feel very sick. The water moccasin bites you.
You are lethally poisoned!
The water moccasin poisons you!
Aiming: Charm
Press: ? - help, Shift-Dir - straight line, f/p - water moccasin
Aim: a water moccasin (almost dead, chance to affect: 49%)
The water moccasin resists with some effort.
You feel very sick. The water moccasin bites you.
You are more poisoned.
The water moccasin poisons you! The water moccasin barely misses you.
Casting: Searing Ray (safe; 4% risk of failure)
Confirm with . or Enter, or press ? or * to list all spells.
Aiming: Magic Dart (safe; 3% risk of failure)
Press: ? - help, Shift-Dir - straight line, f/p - water moccasin
Aim: a water moccasin (almost dead, 100% to hit)
The magic dart hits the water moccasin.
The water moccasin is almost dead.
You feel extremely sick. You block the water moccasin's attack.
You feel much better.
You feel very sick. The water moccasin closely misses you.
The water moccasin bites you!
Aiming: Fastroot
Press: ? - help, Shift-Dir - straight line, f/p - water moccasin
Aim: a water moccasin (almost dead)
The roots erupt in riotous growth!
Roots grab the water moccasin.
The grasping roots constrict the water moccasin.
You kill the water moccasin!
You feel very sick.
Your Fighting skill increases to level 2!
Your Armour skill increases to level 2!
Your Spellcasting skill increases to level 3!
You have reached level 6!
You die...

.............# .#..
#..#.###..# ....
#..#......##..#.
#...............
##.#.........##
###.#.........# ##
#.......[..[.###
#..###.###..#.......##
#....@.# #.......##...
#.####.###.#####.#####
#.....# #.# #.....##
#.# ##.##...## #.#
#..##....###.#
#..##.....##.#
#............###
#.##.......#...#


There were no monsters in sight!

Vanquished Creatures
  A water moccasin (D:4)
  A gnoll (D:1)
  3 adders
  3 worms (D:2)
  3 dart slugs
  6 orcs
  5 ball pythons
  10 bats
  5 endoplasms
  8 goblins
  5 hobgoblins
  4 quokkas
  5 frilled lizards
  5 kobolds
  2 rats
66 creatures vanquished.

Notes
Turn   | Place    | Note
-------+----------+-------------------------------------------
     0 | D:1      | DildoBatman the Formicid Conjurer began the quest for the
                  | Orb.
     0 | D:1      | Reached XP level 1. HP: 13/13 MP: 3/3
     6 | D:1      | Noticed an electric eel
   233 | D:1      | Reached XP level 2. HP: 20/20 MP: 3/5
   236 | D:1      | Learned a level 2 spell: Searing Ray
   642 | D:1      | Reached skill level 1 in Fighting
   659 | D:1      | Reached skill level 1 in Armour
   659 | D:1      | Reached XP level 3. HP: 21/26 MP: 0/6
   951 | D:2      | Reached skill level 1 in Shields
  1045 | D:2      | Reached XP level 4. HP: 32/32 MP: 3/7
  1937 | D:3      | Found a shadowy altar of Dithmenos.
  1996 | D:3      | Reached XP level 5. HP: 37/37 MP: 5/9
  2040 | D:3      | Reached skill level 4 in Conjurations
  2327 | D:3      | Noticed Natasha
  2436 | D:4      | Noticed a water moccasin
  2458 | D:4      | HP: 1/38 [water moccasin (5)]
  2463 | D:4      | Killed a water moccasin
  2463 | D:4      | HP: 1/38 [poisoned by a water moccasin]
  2464 | D:4      | Reached XP level 6. HP: 2/46 MP: 0/10
  2464 | D:4      | Succumbed to a water moccasin's poison

Illustrated notes

Levels and vault maps discovered:
D:1:      arrival_aquarium_a, layout_rooms, reono_crystal_passage,
          minmay_quantized
D:2:      layout_loops_ring, minmay_misc_feat_iff, minmay_misc_feat_x,
          grunt_ministairs_13, nicolae_wormholes
D:3:      layout_basic, mainiacjoe_overflow_24_doors, minmay_liquid_box,
          minmay_vboxes, uniq_natasha
D:4:      layout_loops_ring, gup_sewer_entry_spiral,
          hangedman_abyss_or_decor_stabs, uniq_ijyb, uniq_edmund

Skill      XL: |  1  2  3  4  5 |
---------------+----------------+-----
Dodging        | 2 |  2.0
Fighting       | 1 2 |  2.4
Armour         | 1 2 |  2.4
Shields        | 1 2 3 |  3.0
Conjurations   | 4 |  4.3
Spellcasting   | 3 |  3.3
Stealth        | |  2.4

Action                   |  1- 3 |  4- 6 || total
-------------------------+-------+-------++-------
Melee: Club              |     1 |       ||     1
       Short sword       |     2 |    26 ||    28
 Fire: Sling             |       |     2 ||     2
 Cast: Magic Dart        |    43 |    43 ||    86
       Searing Ray       |     4 |    11 ||    15
Evoke: Wand              |       |     3 ||     3
  Use: Potion            |       |     4 ||     4
Armor: Robe              |     1 |    11 ||    12
Dodge: Dodged            |     3 |    33 ||    36
Block: Buckler           |       |    21 ||    21
